Map: Debris Field

Players

A.I. 1 (Harder)

  • Race: Zerg Zerg
  • Spawn Location: 11:00

larsgj - Winner!

  • Race: Terran Terran
  • Spawn Location: 5:00

VOD

Have the link to the VOD?

Description

Time

  • Played on: Oct. 4, 2022, 8:55 a.m.
  • Length: 19:52
Show
View Real Time Build Order
Export as new Build Order

A.I. 1 (Harder) Zerg 

Build Orders: 1 Base Baneling Bust, Pool First 

Get SALT Encoding   

  12  0:00  Drone  
  13  0:12  Overlord  
  13  0:18  Drone  
  14  0:31  Drone x2  
  14  0:34  Drone  
  17  0:47  Spawning Pool  
  17  0:48  Extractor  
  15  0:51  Drone  
  15  0:56  Drone  
  17  0:58  Extractor  
  16  1:06  Drone  
  17  1:17  Overlord  
  17  1:28  Drone  
  18  1:33  Queen  
  18  1:38  Drone  
  21  1:49  Drone  
  22  2:00  Overlord  
  22  2:10  Lair  
  22  2:16  Drone  
  23  2:28  Drone  
  24  2:41  Drone  
  25  2:53  Drone  
  26  3:06  Drone  
  26  3:09  Overlord  
  26  3:12  Spire  
  26  3:18  Drone  
  27  3:30  Drone  
  28  3:34  Drone  
  29  3:46  Roach Warren  
  29  3:47  Drone  
  29  3:59  Evolution Chamber  
  29  4:00  Drone  
  29  4:06  Overlord  
  29  4:12  Drone  
  30  4:23  Mutalisk  
  32  4:25  Drone  
  32  4:27  Mutalisk  
  32  4:30  Mutalisk  
  37  4:34  Mutalisk  
  37  4:35  Baneling Nest  
  37  4:38  Drone  
  39  4:46  Mutalisk  
  39  4:50  Drone, Mutalisk  
  39  4:51  Pneumatized Carapace  
  44  4:53  Mutalisk  
  46  6:18  Overlord, Corruptor  
  48  6:19  Zerg Flyer Weapons Level 1  
  48  6:20  Hydralisk Den  
  48  6:21  Spore Crawler  
  48  6:23  Spore Crawler  
  45  6:27  Evolution Chamber  
  44  6:36  Queen, Hatchery  
  45  6:47  Spine Crawler  
  45  6:48  Drone  
  45  6:49  Drone, Spine Crawler  
  45  6:50  Hydralisk  
  47  7:01  Hydralisk  
  49  7:11  Hydralisk  
  51  7:22  Hydralisk  
  51  7:25  Overlord  
  53  7:33  Corruptor  
  55  7:43  Hydralisk  
  55  7:45  Overseer  
  55  7:48  Queen, Drone x2  
  55  7:49  Drone x4  
  55  7:50  Drone, Overseer  
  66  7:53  Drone  
  66  7:54  Overlord, Drone  
  66  7:55  Drone  
  69  7:58  Drone  
  69  8:05  Drone  
  71  8:09  Drone  
  71  8:10  Extractor  
  71  8:12  Infestation Pit  
  70  8:13  Zerg Flyer Armor Level 1, Spore Crawler  
  70  8:16  Drone  
  70  8:19  Spore Crawler  
  69  8:20  Drone  
  69  8:23  Drone x2  
  69  8:24  Drone  
  73  8:28  Drone  
  73  8:31  Drone  
  75  8:38  Overlord  
  75  8:41  Drone  
  75  8:46  Spine Crawler  
  75  8:49  Drone  
  75  8:51  Drone, Spine Crawler  
  75  8:53  Drone  
  77  9:23  Extractor  
  76  9:45  Drone x2  
  78  10:31  Mutalisk  
  78  10:32  Overlord, Hive  
  80  10:38  Mutalisk  
  82  10:44  Overseer, Mutalisk  
  84  10:50  Overlord, Zerg Flyer Weapons Level 2, Corruptor  
  86  10:57  Corruptor  
  86  11:03  Mutalisk  
  86  11:10  Mutalisk  
  80  11:17  Mutalisk  
  82  11:26  Mutalisk  
  84  11:36  Mutalisk  
  86  11:42  Overlord, Overseer  
  86  11:43  Viper  
  86  11:46  Viper  
  92  11:50  Corruptor  
  94  11:58  Hatchery  
  93  12:32  Ultralisk Cavern  
  89  13:07  Queen x2  
  89  13:10  Drone x2, Queen  
  89  13:11  Drone, Mutalisk  
  89  13:12  Drone x2  
  94  13:13  Drone x3, Overlord  
  94  13:14  Drone x4  
  94  13:15  Drone x2  
  94  13:16  Drone x4  
  94  13:17  Drone, Mutalisk  
  102  13:20  Hydralisk, Zergling x2  
  102  13:21  Roach, Zergling x6  
  102  13:22  Zergling x4  
  102  13:23  Roach  
  102  13:25  Roach  
  107  13:28  Roach  
  107  13:33  Hydralisk, Roach x2  
  84  13:52  Extractor  
  84  13:54  Extractor  
  48  14:46  Evolution Chamber  
  48  14:50  Evolution Chamber  
  44  15:24  Drone x2  
  44  15:25  Drone  
  44  15:26  Drone  
  44  15:27  Drone  
  49  15:29  Drone  
  51  15:42  Drone  
  51  15:43  Drone  
  52  15:56  Drone x2  
  54  16:02  Drone  
  54  16:04  Drone x2  
  57  16:15  Drone  
  58  16:26  Spawning Pool  
  58  16:28  Drone  
  58  16:30  Hatchery  
  58  16:31  Drone  
  54  16:55  Overlord  
  51  17:04  Drone  
  51  17:05  Drone  
  51  17:06  Drone  
  51  17:08  Drone  
  51  17:09  Drone  
  51  17:11  Drone  
  51  17:13  Drone x2  
  51  17:15  Zergling x6  
  56  17:16  Drone, Zergling x4, Overlord  
  56  17:28  Zergling x2  
  50  17:33  Spore Crawler, Zergling x2  
  50  17:35  Overlord, Zergling x8  
  45  17:47  Zergling x2  
  42  17:53  Zergling x2  
  42  17:54  Zergling x2  
Show
View Real Time Build Order
Export as new Build Order

larsgj Terran - Winner!

Build Orders:  

Get SALT Encoding   

  12  0:01  SCV  
  13  0:13  SCV  
  14  0:19  Supply Depot  
  14  0:27  SCV  
  15  0:40  SCV  
  16  0:46  Barracks  
  16  0:52  SCV, Supply Depot  
  17  1:05  SCV  
  18  1:14  Refinery  
  18  1:17  SCV  
  19  1:27  Refinery  
  19  1:29  SCV  
  20  1:41  SCV  
  21  1:53  SCV  
  22  2:02  Marine  
  22  2:05  SCV  
  24  2:17  SCV  
  24  2:20  Marine  
  24  2:21  Factory  
  26  2:38  Marine  
  27  2:47  Engineering Bay  
  27  2:55  Marine  
  28  3:12  Starport  
  28  3:13  Marine  
  29  3:24  Armory  
  29  3:31  Marine  
  30  3:49  Marine  
  30  3:50  Starport Tech Lab  
  30  3:53  Starport  
  31  4:12  Supply Depot  
  31  4:16  Missile Turret  
  31  4:18  Orbital Command  
  31  4:33  Marine  
  31  4:34  Supply Depot  
  31  4:36  Fusion Core  
  31  4:37  Missile Turret  
  32  4:38  Starport Tech Lab  
  32  4:51  Marine  
  33  4:57  Supply Depot  
  33  4:58  Missile Turret  
  33  5:21  Missile Turret  
  33  5:25  Battlecruiser  
  39  5:31  Battlecruiser  
  45  5:42  Supply Depot  
  45  6:06  Command Center  
  45  6:10  Terran Vehicle And Ship Armor Level 1  
  45  6:52  Supply Depot  
  45  7:05  Medivac  
  47  7:10  Marine  
  47  7:14  Supply Depot  
  48  7:28  Marine  
  49  7:35  Medivac  
  51  7:39  Supply Depot  
  51  7:46  Marine  
  52  8:00  Supply Depot  
  52  8:04  Marine, SCV, Terran Ship Weapons Level 1  
  54  8:12  Refinery  
  54  8:14  Battlecruiser  
  54  8:16  SCV  
  61  8:21  Marine  
  62  8:27  Supply Depot  
  62  8:28  SCV  
  63  8:41  SCV  
  64  8:48  Refinery  
  64  8:51  Supply Depot  
  64  8:53  SCV  
  65  9:05  SCV  
  66  9:14  Supply Depot  
  66  9:17  SCV  
  67  9:25  Battlecruiser  
  67  9:29  SCV  
  74  9:38  Supply Depot  
  74  9:41  SCV  
  75  9:56  Orbital Command  
  75  9:58  Terran Vehicle And Ship Armor Level 2  
  75  10:26  Battlecruiser  
  81  10:29  Battlecruiser  
  87  10:43  Neosteel Armor  
  78  11:30  Battlecruiser  
  84  12:05  Battlecruiser  
  90  12:13  Terran Ship Weapons Level 2  
  90  12:23  Hi-Sec Auto Tracking  
  90  12:25  Weapon Refit  
  90  12:34  Battlecruiser  
  90  14:09  Battlecruiser x2  
  102  15:13  Battlecruiser x2  
  114  16:17  Battlecruiser x2  
Tags
 
Add a new tag
Caveats
  • Supply blocks, unpowered buildings, or Contaminate may cause inaccurate times.
  • Supply counts are checked every 10 seconds.